 Dungeon Crawl Stone Soup version 0.18.1-47-g9310371 (webtiles) character file.

11305848 Lorraine the Skullcrusher (level 27, 218/218 HPs)
             Began as a Gargoyle Berserker on May 8, 2016.
             Was the Champion of Zin.
             Escaped with the Orb
             ... and 15 runes on June 20, 2016!
             The game lasted 08:29:46 (146806 turns).

Lorraine the Skullcrusher (Gargoyle Berserker)    Turns: 146806, Time: 08:29:47

Health: 218/218    AC: 54    Str: 31    XL:     27
Magic:  38/38      EV: 21    Int: 18    God:    Zin [******]
Gold:   5789       SH:  4    Dex: 13    Spells: 6 memorised, 28 levels left

rFire  + + +     SeeInvis .     w - +8 great mace of the New World {speed, rPois MR+}
rCold  + + .     Gourm    .     X - +7 Kryia's mail coat {DeviceHeal*2 rC+}
rNeg   + + +     Faith    .     (shield currently unavailable)
rPois  ∞         Spirit   .     t - +2 hat {MR+}
rElec  +         Dismiss  .     u - +0 cloak of the Gusle {rF++ Str+2}
rCorr  .         Reflect  +     o - +2 pair of gloves {Dex+3}
SustAt .         Harm     .     m - +2 pair of boots {Stlth+}
MR     +++++     Clarity  +     R - amulet of Liddoitz {Reflect rElec rN+ MR+ Dex-2 SH+4}
Stlth  +.........               B - ring "Koguapto" {*Drain rF++ MR+ Int+6}
                                N - ring "Tonext" {rC+ rN+ Slay+2}

@: flying, very slightly contaminated, almost entirely resistant to hostile
enchantments, very unstealthy
A: big wings, hooves 2, thin metallic scales 1, thin skeletal structure 1,
clarity, low mp 1, negative energy resistance 1, robust 1, electricity
resistance, unbreathing, petrification resistance, rot immunity, subdued magic
1, AC +20
a: Stop Flying, Recite, Vitalisation, Imprison, Sanctuary, Donate Gold, Cure All
Mutations, Renounce Religion
0: Orb of Zot
}: 15/15 runes: decaying, slimy, silver, golden, iron, obsidian, icy, bone,
abyssal, demonic, glowing, magical, fiery, dark, gossamer


You escaped.
You worshipped Zin.
Zin was exalted by your worship.
You were not hungry.

You visited 17 branches of the dungeon, and saw 92 of its levels.
You visited Pandemonium 2 times, and saw 31 of its levels.
You visited the Abyss 8 times.
You also visited: Labyrinth, Ossuary and Ice Cave.

You collected 16603 gold pieces.
You spent 2520 gold pieces at shops.
You donated 8135 gold pieces to Zin.

Inventory:

Hand Weapons
 b - the +8 frozen axe "Frostbite" {freezing cloud, *Noise +Fly rC+}
   (You found it on level 7 of the Iron City of Dis)

   It has been specially enchanted to freeze those struck by it, causing extra
   injury to most foes and up to half again as much damage against particularly
   susceptible opponents.
   It can also slow down cold-blooded creatures.
   It protects you from cold.
   It lets you fly.
   It may make noises in combat.
 e - a +9 sacred scourge of holy wrath
 w - the +8 great mace of the New World (weapon) {speed, rPois MR+}
   (Trog gifted it to you on level 4 of the Vaults)

   Attacks with this weapon are significantly faster.
   It protects you from poison.
   It affects your resistance to hostile enchantments.
Armour
 i - a +4 pearl dragon armour
 m - a +2 pair of boots of stealth (worn)
 o - a +2 pair of gloves of dexterity (worn)
 t - a +2 hat of magic resistance (worn)
 u - the +0 cloak of the Gusle (worn) {rF++ Str+2}
   (You found it on level 3 of the Tomb of the Ancients)

   It affects your strength (+2).
   It greatly protects you from fire.
 X - the +7 Kryia's mail coat (worn) {DeviceHeal*2 rC+}
   (You found it on level 3 of the Elven Halls)

   It protects you from cold.
Jewellery
 y - an uncursed amulet of regeneration
 A - the ring of Autumn {rF+ MP+9}
   (You found it in an ice cave)

   [ring of protection from fire]

   It protects you from fire.
   It affects your magic capacity (+9).
 B - the ring "Koguapto" (right hand) {*Drain rF++ MR+ Int+6}
   (You found it on level 7 of Tartarus)

   [ring of intelligence]

   It affects your intelligence (+6).
   It greatly protects you from fire.
   It affects your resistance to hostile enchantments.
   It causes draining when unequipped.
 D - the ring "Beomi" {rCorr rPois rN++}
   (You found it on level 3 of the Tomb of the Ancients)

   [ring of resist corrosion]

   It protects you from poison.
   It greatly protects you from negative energy.
 E - the ring of the Eight Wishes {rF+ rN+ MP-9 SInv}
   (You took it off a deep elf death mage on level 3 of the Crypt)

   [ring of positive energy]

   It protects you from fire.
   It protects you from negative energy.
   It affects your magic capacity (-9).
   It lets you see invisible.
 N - the ring "Tonext" (left hand) {rC+ rN+ Slay+2}
   (You took it off a vampire mage on level 3 of the Crypt)

   [ring of positive energy]

   It affects your accuracy and damage with ranged weapons and melee attacks
   (+2).
   It protects you from cold.
   It protects you from negative energy.
 R - the amulet of Liddoitz (around neck) {Reflect rElec rN+ MR+ Dex-2 SH+4}
   (You took it off a deep elf sorcerer on level 3 of the Elven Halls)

   [amulet of reflection]

   It shields you and reflects attacks.
   It affects your dexterity (-2).
   It insulates you from electricity.
   It protects you from negative energy.
   It affects your resistance to hostile enchantments.
   It affects your SH (+4).
Wands
 k - a wand of lightning (9/15)
 J - a wand of digging (11/24)
 O - a wand of acid (15/15)
 Y - a wand of hasting (4/9)
 Z - a wand of iceblast (12/15)
Scrolls
 f - 2 scrolls of teleportation
 g - 5 scrolls of fog
 p - 40 scrolls of remove curse
 x - a scroll of blinking
 C - a scroll of amnesia
 G - 6 scrolls of recharging
 K - 2 scrolls of immolation
 L - 3 scrolls of enchant weapon
 P - 3 scrolls of summoning
 T - 8 scrolls of fear
Potions
 j - 3 potions of haste
 l - 5 potions of cancellation
 q - 5 potions of lignification
 F - 5 potions of magic
 H - 2 potions of resistance
 I - 5 potions of brilliance
 U - 3 potions of ambrosia
 V - 4 potions of agility
 W - 5 potions of cure mutation {!q}
Miscellaneous
 d - 4 phantom mirrors
 n - a fan of gales
 r - a disc of storms
 s - a lamp of fire
 v - a stone of tremors
 S - a crystal ball of energy
Comestibles
 c - 24 bread rations
 h - 26 fruits


   Skills:
 O Level 27 Fighting
 O Level 27 Maces & Flails
 - Level 24.8 Armour
 - Level 18.9 Dodging
 - Level 9.1 Stealth
   Level 13.3 Shields
 - Level 15.8 Spellcasting
 - Level 14.9 Charms
 - Level 16.6 Summonings
 + Level 18.5 Translocations
 O Level 27 Invocations
 O Level 27 Evocations


You had 28 spell levels left.
You knew the following spells:

 Your Spells              Type           Power        Failure   Level  Hunger
a - Aura of Abjuration    Summ           ######....   1%          5    ###....
b - Blink                 Tloc           N/A          0%          2    None
c - Controlled Blink      Tloc           N/A          17%         8    #######
g - Shroud of Golubria    Chrm/Tloc      ######....   0%          2    None
h - Haste                 Chrm           ######..     1%          6    #####..
s - Shadow Creatures      Summ           N/A          1%          6    #####..


Dungeon Overview and Level Annotations

Branches:
Dungeon (15/15)            Temple (0/1) D:4            Lair (8/8) D:9
  Swamp (4/4) Lair:5       Spider (4/4) Lair:6        Slime (6/6) Lair:7
    Orc (2/2) D:11            Elf (3/3) Orc:2        Vaults (5/5) D:13
  Crypt (3/3) Vaults:2       Tomb (3/3) Crypt:3      Depths (5/5) D:15
   Hell (1/1)                 Dis (7/7) Hell            Geh (7/7) Hell
    Coc (7/7) Hell            Tar (7/7) Hell            Zot (5/5) Depths:5

Altars:
Cheibriados
Elyvilon
Fedhas
Gozag
Kikubaaqudgha
Makhleb
Pakellas
Qazlal
Ru
Sif Muna
Trog
Vehumet
Yredelemnul
Zin
The Shining One
Jiyva

Shops:
Orc:1 !   Orc:2 =[?([   Vaults:5 *[   Depths:5 [

Portals:
Hell: Depths:1 Depths:2 Depths:3 Depths:4 Depths:5
Abyss: Depths:1 Depths:2 Depths:4 Depths:5
Pandemonium: Depths:1 Depths:3
Ziggurat: Tomb:3 Depths:4

Annotations:
Lair:2 exclusion: oklob plant


Innate Abilities, Weirdness & Mutations

You are resistant to torment.
Your stone body is resilient (AC +20).
You are immune to poison.
Your large and strong wings let you fly indefinitely.
You resist negative energy.
You are resistant to electric shocks.
You can survive without breathing.
You are immune to petrification.
You are immune to rotting.
You have hoof-like feet.
You are partially covered in thin metallic scales (AC +2).
You have a somewhat thin skeletal structure (Dex +2, Stealth).
You possess an exceptional clarity of mind.
Your magical capacity is low (-10% MP).
You are robust (+10% HP).
Your spells are a little easier to cast, but a little less powerful.


Message History

A goblin comes into view. It is wielding a dagger.
There is a stone staircase leading down here.
There is an open door here.
There is an open door here.
There is a stone staircase leading up here.
You fly upwards.
There is a stone staircase leading down here.
Put on which piece of jewellery? (? for menu, Esc to quit)
You remove your amulet of regeneration.
R - the amulet of Liddoitz (around neck) {Reflect rElec rN+ MR+ Dex-2 SH+4}
Casting: Aura of Abjuration
Confirm with . or Enter, or press ? or * to list all spells.
Okay, then.
There is a stone staircase leading down here.
You see here a club.
There is a stone staircase leading up here.
You fly upwards.
There is a stone staircase leading down here.
There is a staircase leading out of the dungeon here.
You have escaped!

........##...###.##
........###..)##..#
....##### ##......#
.......# ##.....#
....##+## ##....#
........## ##.....#
.........###......#
.#................#
......).####....@.#
........# #......#
........# ########
.#......#######^#
.#####...)....#.#
..#....######.#>#
..#....# #.###
>.#....######'########
..#..................#


There were no monsters in sight!

Vanquished Creatures
  Cerebov (Pan)
  Antaeus (Coc:7)
  Asmodeus (Geh:7)
  the Royal Jelly (Slime:6)
  Ereshkigal (Tar:7)
  Gloorx Vloq (Pan)
  Mnoleg (Pan)
  Lom Lobon (Pan)
  the Serpent of Hell (Tar:7)
  A seraph (D:3)
  Dispater (Dis:7)
  6 orbs of fire
  Mara (Swamp:4)
  14 ancient liches
  Mennas (Pan)
  The ghost of ReniFell the Slayer, a veteran MiBe of Trog (Depths:3)
  27 greater mummies
  15 pandemonium lords
  Boris (Tomb:1)
  18 shard shrikes
  the Lernaean hydra (Swamp:4)
  Geryon (Hell)
  4 Killer Klowns (Zot:5)
  Norris (D:13)
  7 curse toes
  19 Tzitzimimeh
  9 golden dragons
  Nikola (Swamp:3)
  the Enchantress (Depths:1)
  16 bone dragons
  4 doom hounds
  4 iron giants (Dis:7)
  Arachne (Spider:4)
  21 Brimstone Fiends
  4 electric golems
  24 liches
  20 Ice Fiends
  A hellephant (Pan)
  17 tentacled monstrosities
  Rupert (D:12)
  17 Hell Sentinels
  34 Orb Guardians
  13 quicksilver dragons
  2 deep elf blademasters (Elf:3)
  Murray (Hell)
  6 titans
  8 ancient champions
  13 sphinxes
  29 tentacled starspawn
  2 eldritch tentacles
  2 thorn hunters
  23 acid blobs
  8 death cobs
  10 tengu reavers
  33 Executioners
  Kirke (Lair:8)
  12 draconian monks
  15 storm dragons
  17 shadow dragons
  3 daevas
  5 revenants
  12 azure jellies
  4 draconian scorchers
  20 frost giants
  19 fire giants
  7 draconian knights
  10 chaos champions (Pan)
  13 vault wardens
  11 deep elf sorcerers
  12 warmongers (Pan)
  Aizul (Swamp:3)
  11 iron dragons
  Louise (Swamp:3)
  8 ghost moths
  31 cacodemons
  An orc warlord (Orc:2)
  8 draconian zealots
  28 balrugs
  6 deep elf elementalists
  7 spriggan defenders
  4 angels
  3 curse skulls
  12 ghouls
  12 ironheart preservers
  38 very ugly things
  13 draconian annihilators
  7 draconian shifters
  8 black suns (Pan)
  25 war gargoyles
  4 elemental wellsprings
  4 emperor scorpions
  62 reapers
  27 stone giants
  5 draconian callers (Zot:4)
  11 blood saints (Pan)
  An ophan (Abyss:5)
  10 vampire knights
  2 bennus (Tomb:3)
  101 starcursed masses
  11 mottled draconians
  22 green draconians
  9 corrupters (Pan)
  9 deep elf annihilators
  22 lorocyprocas
  10 deep elf demonologists
  21 black draconians
  10 purple draconians
  20 red draconians
  10 salamander stormcallers
  15 yellow draconians
  7 spark wasps
  16 white draconians
  4 eidola
  34 blizzard demons
  16 ettins
  3 quicksilver dragon zombies
  Snorg (Lair:6)
  8 death oozes
  35 green deaths
  10 crystal guardians
  A minotaur (Lab)
  22 mummy priests
  17 jiangshi
  27 fire dragons
  26 vault guards
  19 yaktaur captains
  14 great orbs of eyes
  5 quicksilver dragon skeletons
  2 kraken zombies
  14 deep elf death magi
  11 rakshasas
  7 deep elf high priests
  36 ice dragons
  A naga warrior (Abyss:4)
  15 hydras
  9 entropy weavers
  5 ghost crabs
  A ghost crab (shapeshifter) (Elf:2)
  7 spriggan air magi
  7 monstrous demonspawn (Pan)
  8 hell beasts
  An alligator snapping turtle (shapeshifter) (Depths:4)
  9 alligators
  3 death knights
  7 centaur warriors
  A queen ant (Lair:8)
  25 dancing weapons
  6 tengu warriors
  An orc high priest (Orc:2)
  10 deep troll shamans
  13 ogre magi
  16 hell hogs
  7 deep troll earth magi
  11 vampire magi
  15 death yaks
  6 holy swine (Pan)
  3 spriggan berserkers
  4 storm dragon zombies
  5 titan zombies
  38 thrashing horrors
  Nergalle (Lair:4)
  23 deep elf knights
  55 soul eaters
  63 sun demons
  6 titan skeletons
  11 iron golems
  A fire crab (Vaults:4)
  14 shadow wraiths
  22 iron trolls
  6 golden dragon zombies
  5 death scarabs (Tomb:1)
  106 skeletal warriors
  10 spatial maelstroms
  21 wretched stars
  3 salamander mystics
  18 shadow demons
  6 death drakes
  4 storm dragon skeletons
  2 unseen horrors (shapeshifter)
  23 hell knights
  3 ghost moth zombies
  3 spriggan druids
  16 swamp dragons
  3 unseen horrors
  13 anaconda zombies
  28 deep trolls
  10 wizards
  17 gelid demonspawn (Pan)
  4 golden dragon skeletons
  11 putrid demonspawn (Pan)
  11 giant orange brains
  20 infernal demonspawn
  14 flayed ghosts
  27 hill giants
  24 anubis guards
  19 phantasmal warriors
  9 anaconda skeletons
  A cherub (Pan)
  A death drake (shapeshifter) (D:15)
  5 shadow dragon zombies
  A tengu zombie (Depths:1)
  12 ironbrand convokers
  14 torturous demonspawn (Pan)
  Pikel (D:5)
  15 deep elf archers
  2 lindwurms
  4 shambling mangroves
  62 ugly things
  4 frost giant zombies
  14 orc knights
  26 wolf spiders
  25 orb spiders
  A shining eye (shapeshifter) (Vaults:5)
  67 deep elf magi
  8 necromancers
  4 hornets
  3 griffons
  A hornet (shapeshifter) (D:15)
  8 orc sorcerers
  7 oklob plants (Lair:1)
  A cyclops (shapeshifter) (Depths:2)
  2 manticores
  A wolf spider zombie (Coc:4)
  9 fire giant zombies
  45 sixfirhies
  6 shadow dragon skeletons
  4 stone giant zombies
  12 worldbinders
  10 cyclopes
  3 dire elephant zombies
  9 shining eyes
  9 salamanders
  A manticore (shapeshifter) (Abyss:5)
  6 iron dragon skeletons
  35 moths of wrath
  A salamander (shapeshifter) (Depths:1)
  12 elephants
  3 iron dragon zombies
  An octopode (shapeshifter) (Vaults:1)
  4 fire giant skeletons
  6 frost giant skeletons
  2 guardian serpents (Abyss:4)
  A shock serpent zombie (Dis:5)
  4 apocalypse crabs
  4 ice statues
  30 rust devils
  73 smoke demons
  2 stone giant skeletons
  22 vault sentinels
  5 black mambas
  A spiny frog (shapeshifter) (Vaults:5)
  4 eyes of devastation
  A water nymph (shapeshifter) (D:15)
  6 dire elephant skeletons
  17 spiny frogs
  Psyche (D:8)
  40 orange demons
  2 titan simulacra
  3 torpor snails
  3 gargoyles
  10 molten gargoyles
  20 efreet
  A yaktaur (shapeshifter) (Abyss:5)
  31 hellions
  43 yaktaurs
  A rime drake (Lair:8)
  A swamp worm zombie (Crypt:2)
  A green draconian zombie (Tar:7)
  A spark wasp simulacrum (Depths:3)
  5 kobold demonologists
  10 komodo dragons
  4 emperor scorpion zombies
  27 freezing wraiths
  38 demonic crawlers
  43 tormentors
  30 guardian mummies
  36 ice devils
  A ghost moth simulacrum (Abyss:1)
  A tengu conjurer (Depths:4)
  A troll (shapeshifter) (D:15)
  2 elf skeletons (Depths:3)
  12 ancient zymes
  33 hellwings
  A wind drake (Depths:5)
  51 jumping spiders
  45 red devils
  3 silent spectres
  8 hydra zombies
  An entropy weaver zombie (Depths:1)
  7 giant leeches
  3 harpy zombies
  32 polar bears
  14 trolls
  Prince Ribbit (D:8)
  A harpy skeleton (Pan)
  7 ice dragon zombies
  A boulder beetle (shapeshifter) (Vaults:5)
  A two-headed ogre (shapeshifter) (Abyss:4)
  A wolf spider simulacrum (Abyss:4)
  86 raiju
  28 blink frogs
  24 two-headed ogres
  2 spectral guardian serpents (Crypt:2)
  131 slime creatures
  A stone giant simulacrum (Coc:6)
  6 hydra skeletons
  2 ettin zombies
  23 ushabtiu
  3 frost giant simulacra
  4 boulder beetles
  6 fire dragon zombies
  5 alligator zombies
  A minotaur skeleton (Tar:7)
  A snapping turtle (shapeshifter) (Depths:3)
  90 flying skulls
  2 centaur simulacra
  10 ice dragon skeletons
  23 tarantellas
  2 black mamba zombies
  7 water elementals
  7 wyverns
  10 ettin skeletons
  3 alligator skeletons
  38 shadows
  9 air elementals
  85 redbacks
  A hill giant zombie (Crypt:3)
  24 spriggans
  3 deep troll skeletons
  A fire bat (Abyss:4)
  25 wraiths
  59 ynoxinuls
  A hog (shapeshifter) (D:15)
  A yak (shapeshifter) (Vaults:3)
  4 vampires
  5 hogs (Lair:8)
  A griffon skeleton (Crypt:2)
  17 golden eyes
  3 fire dragon skeletons
  37 neqoxecs
  65 yaks
  17 humans
  36 fire elementals
  Grum (D:8)
  A catoblepas simulacrum (Tomb:2)
  A basilisk (shapeshifter) (Depths:4)
  7 hippogriffs
  11 hungry ghosts
  23 vampire mosquitoes
  31 chaos spawn
  A steam dragon (D:14)
  3 wargs
  A soldier ant (shapeshifter) (Vaults:3)
  26 swamp worms
  3 nagas (Abyss:4)
  6 soldier ants (Lair:8)
  5 spatial vortices
  16 insubstantial wisps
  3 human skeletons
  19 water moccasins
  10 spiny frog zombies
  132 large abominations
  9 porcupines
  The ghost of Hipnos the Ducker, an amateur SpWn (D:3)
  A water nymph skeleton (Crypt:3)
  A torturous demonspawn skeleton (Crypt:3)
  34 hell hounds
  5 giant eyeballs
  A hornet simulacrum (D:15)
  A spiny frog skeleton (Coc:7)
  Duvessa (D:5)
  A manticore zombie (Dis:7)
  A gelid demonspawn skeleton (Crypt:1)
  52 orc warriors
  2 fire dragon simulacra
  6 ice beasts
  A wasp (shapeshifter) (Vaults:4)
  2 sky beasts
  26 wasps
  11 black bears
  6 phantoms
  An ice dragon simulacrum (Tar:3)
  5 snapping turtle zombies
  17 swamp drakes
  11 eyes of draining
  4 swamp dragon zombies
  17 boggarts
  An elephant zombie (Crypt:3)
  56 wolves
  29 centaurs
  A centaur (shapeshifter) (Vaults:1)
  13 necrophages
  An elephant skeleton (Crypt:1)
  69 ogres
  13 crocodiles
  A manticore skeleton (Geh:7)
  6 snapping turtle skeletons
  4 big kobolds
  3 swamp dragon skeletons
  3 elf zombies
  A komodo dragon zombie (Crypt:1)
  25 giant frogs
  6 earth elementals
  44 small abominations
  A hell hound skeleton (Crypt:1)
  A wyvern skeleton (D:14)
  A scorpion (D:11)
  Dowan (D:5)
  22 killer bees
  A polar bear skeleton (Crypt:1)
  50 wights
  5 electric eels
  6 howler monkeys
  23 bog bodies
  27 crimson imps
  2 troll skeletons
  2 giant frog zombies (Ossuary)
  A wasp zombie (Ossuary)
  5 centaur zombies
  31 jellies
  48 iron imps
  9 hounds
  9 quasits
  2 centaur skeletons
  A giant frog skeleton (D:5)
  16 orc priests
  A black bear skeleton (Crypt:2)
  10 iguanas
  30 orc wizards
  7 hell rats
  2 lightning spires (Abyss:4)
  26 worker ants
  3 killer bee zombies (Ossuary)
  24 sheep
  An ogre skeleton (Lab)
  A naga skeleton (Geh:4)
  A deep dwarf skeleton (Crypt:2)
  3 hound zombies (Ossuary)
  64 mummies
  A hell rat zombie (Crypt:1)
  A howler monkey zombie (D:6)
  4 worker ant zombies
  14 adders
  10 gnolls
  96 river rats
  16 shadow imps
  23 white imps
  5 ufetubi
  3 oozes
  2 adder zombies (Ossuary)
  A lava snake zombie (Crypt:2)
  5 adder skeletons
  5 worms
  A dart slug (D:1)
  8 giant geckos
  115 orcs
  9 bats
  4 giant cockroaches
  13 hobgoblins
  9 jackals
  27 kobolds
  8 quokkas
  2 river rat zombies (Crypt:2)
  A ball python (D:8)
  A giant gecko skeleton (D:5)
  5 giant newts
  A gnoll skeleton (Crypt:3)
  6 goblins
  A goblin skeleton (Crypt:2)
  A jackal skeleton (Crypt:1)
  A jackal zombie (Ossuary)
  A kobold zombie (Dis:5)
  An orc skeleton (Tar:7)
  A quokka zombie (D:8)
  10 rats
  A spectral orc (D:3)
  2 briar patches
  A crawling corpse (Vaults:5)
  3 fire vortices
  A lurking horror (Abyss:2)
  25 pillars of salt
  5 plants
  22 starspawn tentacles
  A starspawn tentacle segment (Abyss:4)
  5 tentacles
  A tentacle segment (Coc:7)
  A withered plant (Crypt:3)
6260 creatures vanquished.

Vanquished Creatures (collateral kills)
  A profane servitor (Abyss:2)
  A vault warden (Vaults:2)
  Donald (Vaults:1)
  2 deep elf annihilators (Elf:3)
  A crystal guardian (Elf:3)
  2 vault guards
  3 centaur warriors (Vaults:1)
  2 dancing weapons (Elf:2)
  2 ogre magi (Vaults:1)
  A deep elf knight (Elf:2)
  An unseen horror (Vaults:1)
  A deep elf archer (Vaults:4)
  3 ironbrand convokers
  An orc knight (Vaults:2)
  A griffon (Vaults:2)
  2 deep elf magi (Elf:2)
  A wizard (Vaults:2)
  A rust devil (Dis:7)
  A vault sentinel (Vaults:1)
  A kobold demonologist (Vaults:2)
  4 yaktaurs (Vaults:1)
  3 trolls
  A slime creature (Vaults:1)
  2 spriggans (Depths:2)
  A warg (Vaults:2)
  3 orc warriors
  9 centaurs (Vaults:1)
  5 ogres
  2 orc wizards
  2 sheep (Vaults:2)
  7 orcs
  A pillar of salt (Hell)
69 creatures vanquished.

Vanquished Creatures (others)
  A bone dragon (Abyss:4)
  A deep elf master archer (Elf:3)
  2 eldritch tentacles
  A tengu reaver (Vaults:4)
  A balrug (Pan)
  A deep elf elementalist (Elf:3)
  A deep elf annihilator (Elf:3)
  A red draconian (Depths:5)
  A mottled draconian (Zot:3)
  A merfolk javelineer (Depths:2)
  A blizzard demon (Pan)
  2 deep elf high priests
  A hydra (Swamp:4)
  A rakshasa (Depths:4)
  An ice dragon (Zot:4)
  An ogre mage (Vaults:3)
  4 hell hogs
  A thrashing horror (Abyss:2)
  A deep elf knight (Vaults:3)
  A gelid demonspawn (Pan)
  10 death scarabs (Tomb:2)
  2 large abominations
  A hill giant (Crypt:1)
  A deep elf mage (Vaults:1)
  2 moths of wrath
  A fire giant zombie (Abyss:1)
  A smoke demon (Pan)
  4 yaktaurs
  A naga (Abyss:2)
  A hellwing (Pan)
  An ushabti (Tomb:3)
  A frost giant simulacrum (Tomb:2)
  A redback (Spider:1)
  A spriggan (Swamp:4)
  A golden eye (Abyss:2)
  A wasp (Swamp:1)
  4 ogres
  A boggart (Vaults:2)
  3 wolves (IceCv)
  4 centaurs
  A jelly (Slime:4)
  3 small abominations
  A sheep (Lair:1)
  2 mummies (Tomb:2)
  An adder (D:5)
  A white imp (Abyss:1)
  2 ufetubi
  10 ball lightnings (Pan)
  A briar patch (Swamp:4)
  3 bushes (D:3)
  A crawling corpse (Vaults:5)
  189 eldritch tentacle segments
  2 fire vortices
  28 fungi
  3 lost souls
  A lurking horror (Abyss:1)
  240 pillars of salt
  37 plants
  46 starspawn tentacles
  400 starspawn tentacle segments
  4 tentacles
  412 tentacle segments
  4 withered plants
1459 creatures vanquished.

Grand Total: 7788 creatures vanquished

Notes
Turn   | Place    | Note
--------------------------------------------------------------
     0 | D:1      | Lorraine the Gargoyle Berserker began the quest for the Orb.
     0 | D:1      | Reached XP level 1. HP: 14/14 MP: 1/1
   221 | D:1      | Reached XP level 2. HP: 17/19 MP: 2/2
   389 | D:1      | Reached skill level 1 in Stealth
   413 | D:1      | Reached XP level 3. HP: 23/23 MP: 3/3
   500 | D:1      | Reached ** piety under Trog
   911 | D:2      | Reached XP level 4. HP: 29/29 MP: 4/4
   949 | D:2      | Found a faded altar to an unknown god.
  1239 | D:2      | Reached *** piety under Trog
  1525 | D:3      | Found a blossoming altar of Fedhas.
  1547 | D:3      | Noticed Hipnos's ghost (amateur SpWn)
  1954 | D:3      | Killed Hipnos's ghost
  1954 | D:3      | Reached XP level 5. HP: 33/33 MP: 5/5
  1970 | D:3      | Found a stormy altar of Qazlal.
  2171 | D:3      | Reached XP level 6. HP: 39/39 MP: 6/6
  2284 | D:3      | Found a basalt altar of Yredelemnul.
  2434 | D:3      | Found a burning altar of Makhleb.
  2437 | D:3      | Noticed a green death
  2468 | D:3      | Found a glowing silver altar of Zin.
  2468 | D:3      | Noticed an angel
  2832 | D:4      | Found a staircase to the Ecumenical Temple.
  3650 | D:4      | Reached **** piety under Trog
  3878 | D:4      | Noticed a moth of wrath
  3881 | D:4      | Found a bloodstained altar of Trog.
  3974 | D:4      | Reached XP level 7. HP: 35/44 MP: 7/7
  4207 | D:5      | Entered Level 5 of the Dungeon
  4648 | D:5      | Found an ancient bone altar of Kikubaaqudgha.
  4715 | D:5      | Reached skill level 5 in Fighting
  4744 | D:5      | Noticed Dowan
  4761 | D:5      | Noticed Duvessa
  4770 | D:5      | Killed Dowan
  4779 | D:5      | Killed Duvessa
  4811 | D:5      | Found a radiant altar of Vehumet.
  4881 | D:5      | Noticed Pikel
  4896 | D:5      | Killed Pikel
  4896 | D:5      | Reached skill level 5 in Maces & Flails
  4896 | D:5      | Reached skill level 5 in Armour
  4896 | D:5      | Reached skill level 5 in Stealth
  4896 | D:5      | Reached XP level 8. HP: 51/51 MP: 8/8
  5582 | D:6      | Found a snail-covered altar of Cheibriados.
  5582 | D:6      | Found a glowing golden altar of the Shining One.
  6148 | D:6      | Reached XP level 9. HP: 56/56 MP: 9/9
  6621 | D:7      | Found an opulent altar of Gozag.
  7177 | D:7      | Reached skill level 5 in Dodging
  8344 | D:8      | Found a sand-covered staircase.
  8353 | Ossuary  | Entered an ossuary
  8443 | Ossuary  | Reached XP level 10. HP: 40/63 MP: 10/10
  8622 | Ossuary  | Reached ***** piety under Trog
  8951 | Ossuary  | Got a glittering jade ring
  8970 | Ossuary  | Identified the ring "Beod" {Wiz rPois} (You found it in an ossuary)
  9968 | D:8      | Received a gift from Trog
 10138 | D:8      | Noticed Prince Ribbit
 10140 | D:8      | Noticed Psyche
 10151 | D:8      | Noticed Grum
 10230 | D:8      | Killed Grum
 10346 | D:8      | Killed Psyche
 10538 | D:8      | Found a deep blue altar of Sif Muna.
 10759 | D:8      | Killed Prince Ribbit
 10759 | D:8      | Reached XP level 11. HP: 43/69 MP: 11/11
 11281 | D:9      | Found a staircase to the Lair.
 12028 | D:9      | Found a sacrificial altar of Ru.
 12344 | D:10     | Entered Level 10 of the Dungeon
 12394 | D:10     | Upgraded the game from 0.18.1-1-g2f07953 to 0.18.1-5-g4a78601
 13034 | D:10     | Received a gift from Trog
 13428 | Lair:1   | Entered Level 1 of the Lair of Beasts
 14023 | Lair:1   | You fall through a shaft!
 14559 | Lair:1   | Found an oddly glowing altar of Pakellas.
 14740 | Lair:1   | Reached skill level 10 in Fighting
 14859 | Lair:1   | Noticed an oklob plant
 14922 | Lair:1   | Noticed an oklob plant
 14980 | Lair:1   | Reached XP level 12. HP: 69/77 MP: 12/12
 15533 | Lair:2   | Found a radiant altar of Vehumet.
 15776 | Lair:2   | Reached skill level 10 in Armour
 16310 | Lair:3   | Upgraded the game from 0.18.1-5-g4a78601 to 0.18.1-8-gdd0e5ea
 17303 | Lair:3   | Noticed a death yak
 17304 | Lair:3   | Noticed a death yak
 17306 | Lair:3   | Reached skill level 10 in Maces & Flails
 17307 | Lair:3   | Noticed a death yak
 17307 | Lair:3   | Noticed a death yak
 17308 | Lair:3   | Noticed a death yak
 17359 | Lair:2   | Killed a death yak
 17535 | Lair:3   | Noticed a death yak
 17556 | Lair:2   | Killed a death yak
 17560 | Lair:2   | Killed a death yak
 17636 | Lair:2   | Killed a death yak
 17646 | Lair:2   | Killed a death yak
 17654 | Lair:2   | Killed a death yak
 17654 | Lair:2   | Reached XP level 13. HP: 64/84 MP: 13/13
 18106 | Lair:4   | Found a bloodstained altar of Trog.
 18115 | Lair:4   | Received a gift from Trog
 18334 | Lair:4   | Noticed Nergalle
 18341 | Lair:4   | Killed Nergalle
 19344 | Lair:5   | Found a staircase to the Swamp.
 20234 | Lair:6   | Noticed Snorg
 20249 | Lair:6   | Found a labyrinth entrance.
 20258 | Lab      | Entered a labyrinth
 20510 | Lab      | Received a gift from Trog
 20826 | Lab      | Noticed a minotaur
 20831 | Lab      | Killed a minotaur
 20857 | Lab      | Gained mutation: You evolve. [potion of mutation]
 20857 | Lab      | Gained mutation: You have a somewhat thin skeletal structure (Dex +2, Stealth). [potion of mutation]
 20857 | Lab      | Gained mutation: Your mind is acute. (Int +2) [potion of mutation]
 20858 | Lab      | Gained mutation: Potions and wands are less effective at restoring your health. [potion of mutation]
 20858 | Lab      | Gained mutation: You are partially covered in thin metallic scales (AC +2). [potion of mutation]
 20859 | Lab      | Gained mutation: Your muscles are strong. (Str +2) [potion of mutation]
 20859 | Lab      | Lost mutation: Your muscles are strong. (Str +2) [potion of mutation]
 20867 | Lab      | Got a twitching silver amulet
 20870 | Lab      | Identified a +2 rod of clouds (11/11) (You found it in a labyrinth)
 20872 | Lab      | Identified the amulet "Itoquo" {Gourm +Fly rF- Str+4 Int+3} (You found it in a labyrinth)
 20882 | Lab      | Got a crystal long sword
 20882 | Lab      | Got a smoking blowgun
 20884 | Lab      | Identified the +4 blowgun "Mofist" {speed, rC++} (You found it in a labyrinth)
 20888 | Lab      | Identified the +5 long sword of the Hundredfold Nights {vamp, rElec Str+4} (You found it in a labyrinth)
 20916 | Lair:6   | Killed Snorg
 21201 | Lair:6   | Found a hole to the Spider Nest.
 21680 | Lair:6   | Identified a scroll of acquirement
 22147 | Lair:7   | Noticed an ice dragon
 22148 | Lair:7   | Found a frozen archway.
 22163 | Lair:7   | Killed an ice dragon
 22339 | IceCv    | Entered an ice cave
 22348 | IceCv    | Gained mutation: Your large and strong wings let you fly indefinitely. [Gargoyle growth]
 22348 | IceCv    | Reached XP level 14. HP: 73/92 MP: 14/14
 22355 | IceCv    | Received a gift from Trog
 22643 | IceCv    | Identified the Papyrus of Virous Hexes
 22749 | IceCv    | Reached skill level 10 in Dodging
 23530 | IceCv    | Noticed a frost giant
 23531 | IceCv    | Drew Focus: Str increased to 26, Int decreased to 7
 23562 | IceCv    | Killed a frost giant
 23701 | IceCv    | Received a gift from Trog
 23710 | IceCv    | Got an ancient brass ring
 23712 | IceCv    | Identified the ring of Autumn {rF+ MP+9} (You found it in an ice cave)
 23979 | Lair:7   | Lost mutation: Your mind is acute. (Int +2) [evolution]
 24161 | Lair:7   | Found a viscous altar of Jiyva.
 24162 | Lair:7   | Found a staircase to the Slime Pits.
 24791 | Lair:8   | Entered Level 8 of the Lair of Beasts
 25223 | Lair:8   | Noticed Kirke
 25385 | Lair:8   | Received a gift from Trog
 25633 | Lair:8   | Reached XP level 15. HP: 99/99 MP: 15/15
 25941 | Lair:8   | Received a gift from Trog
 25943 | Lair:8   | Reached ****** piety under Trog
 26365 | Lair:8   | Killed Kirke
 27215 | D:11     | Received a gift from Trog
 27246 | D:11     | Gained mutation: You are robust (+10% HP). [evolution]
 27304 | D:11     | Found a staircase to the Orcish Mines.
 27334 | Orc:1    | Entered Level 1 of the Orcish Mines
 27344 | Orc:1    | Found Bum Wausiule's Distillery.
 27353 | Orc:1    | Bought a potion of heal wounds for 85 gold pieces
 27353 | Orc:1    | Bought a potion of curing for 51 gold pieces
 27353 | Orc:1    | Bought 2 potions of curing for 102 gold pieces
 27353 | Orc:1    | Bought a potion of heal wounds for 85 gold pieces
 27353 | Orc:1    | Bought a potion of lignification for 51 gold pieces
 27769 | Orc:2    | Entered Level 2 of the Orcish Mines
 27933 | Orc:2    | Found a staircase to the Elven Halls.
 27957 | Orc:2    | Found Emiar's Jewellery Shoppe.
 27964 | Orc:2    | Bought an uncursed amulet of regeneration for 330 gold pieces
 27964 | Orc:2    | Bought an uncursed ring of resist corrosion for 220 gold pieces
 28071 | Orc:2    | Noticed an orc warlord
 28093 | Orc:2    | Killed an orc warlord
 28453 | Orc:2    | Received a gift from Trog
 28598 | Orc:2    | Found Icvir's Magic Scroll Boutique.
 28598 | Orc:2    | Found Ogitat's Weapon Emporium.
 28600 | Orc:2    | Found Roleruciha's Antique Armour Shoppe.
 28615 | Orc:2    | Found Kuuruss's Armour Shop.
 28771 | Orc:2    | Bought a scroll of identify for 28 gold pieces
 28771 | Orc:2    | Bought a scroll of identify for 28 gold pieces
 28771 | Orc:2    | Bought a scroll of identify for 28 gold pieces
 28771 | Orc:2    | Bought a scroll of identify for 28 gold pieces
 28774 | Orc:2    | Gained mutation: You are partially covered in rugged brown scales (AC +1, +3% HP). [potion of beneficial mutation]
 28783 | Orc:2    | Bought an encrusted scale mail for 270 gold pieces
 28794 | Orc:2    | Identified the +1 scale mail of Decompression {+Fly rCorr Dex-2 SInv} (You bought it in a shop on level 2 of the Orcish Mines)
 28899 | Orc:2    | Bought a smoking robe for 171 gold pieces
 28909 | Orc:2    | Identified the +1 robe "Soistre" {rElec rPois Int+2} (You bought it in a shop on level 2 of the Orcish Mines)
 28922 | Orc:2    | Bought a glowing chain mail for 135 gold pieces
 28935 | Orc:2    | Bought a pair of boots for 135 gold pieces
 29589 | D:11     | Got a crystal flail
 29590 | D:11     | Identified the +10 flail of Icwutew {crush, rC+ Dex+4} (You found it on level 11 of the Dungeon)
 29603 | D:11     | Received a gift from Trog
 31080 | D:12     | Reached skill level 1 in Shields
 31080 | D:12     | Reached XP level 16. HP: 88/120 MP: 16/16
 31408 | D:13     | Noticed Norris
 31410 | D:13     | Noticed Rupert
 31459 | D:13     | Found a gate to the Vaults.
 31669 | D:12     | Killed Rupert
 31820 | D:13     | Killed Norris
 31931 | D:13     | Reached skill level 15 in Armour
 32263 | D:13     | Gained mutation: You have large cloven feet. [potion of mutation]
 32263 | D:13     | Gained mutation: You possess an exceptional clarity of mind. [potion of mutation]
 32455 | D:14     | Received a gift from Trog
 32816 | D:14     | Found a blossoming altar of Fedhas.
 33195 | D:14     | Reached skill level 15 in Fighting
 33434 | D:15     | Entered Level 15 of the Dungeon
 33525 | D:15     | Found a white marble altar of Elyvilon.
 33738 | D:15     | Received a gift from Trog
 34017 | D:15     | Reached skill level 5 in Shields
 34523 | D:15     | Found a staircase to the Depths.
 34837 | Swamp:1  | Entered Level 1 of the Swamp
 34886 | Swamp:1  | Reached XP level 17. HP: 118/127 MP: 17/17
 35239 | Swamp:1  | Received a gift from Trog
 36739 | Swamp:3  | Noticed Aizul
 36758 | Swamp:3  | Killed Aizul
 36799 | Swamp:3  | Reached skill level 15 in Maces & Flails
 37179 | Swamp:3  | Received a gift from Trog
 37308 | Swamp:3  | Noticed Louise
 37332 | Swamp:3  | Killed Louise
 37470 | Swamp:4  | Entered Level 4 of the Swamp
 37686 | Swamp:4  | Noticed Nikola
 37688 | Swamp:4  | Noticed Mara
 37710 | Swamp:3  | Killed Nikola
 37859 | Swamp:4  | Noticed Lorraine's illusion
 38157 | Swamp:4  | Noticed Lorraine's illusion
 38267 | Swamp:4  | Noticed Lorraine's illusion
 38274 | Swamp:4  | Killed Mara
 38351 | Swamp:4  | Reached XP level 18. HP: 131/135 MP: 18/18
 38395 | Swamp:4  | Received a gift from Trog
 38466 | Swamp:4  | Noticed the 27-headed Lernaean hydra
 38477 | Swamp:4  | Killed the 27-headed Lernaean hydra
 38672 | Swamp:4  | Got a decaying rune of Zot
 38736 | Swamp:4  | Lost mutation: Potions and wands are less effective at restoring your health. [evolution]
 39610 | Lair:1   | Got an ancient pewter amulet
 39611 | Lair:1   | Identified the amulet of Ethics {Spirit rElec rC+ Dex+2} (You found it on level 1 of the Lair of Beasts)
 39758 | Spider:1 | Entered Level 1 of the Spider Nest
 40315 | Spider:1 | Received a gift from Trog
 41857 | Spider:3 | Received a gift from Trog
 42638 | Spider:4 | Entered Level 4 of the Spider Nest
 42800 | Spider:4 | Reached XP level 19. HP: 143/143 MP: 19/19
 43140 | Spider:4 | Reached skill level 10 in Shields
 43611 | Spider:4 | Received a gift from Trog
 43843 | Spider:4 | Got a gossamer rune of Zot
 44036 | Spider:4 | Noticed Arachne
 44067 | Spider:4 | Killed Arachne
 44253 | Spider:4 | Lost mutation: You evolve. [evolution]
 44794 | Vaults:1 | Entered Level 1 of the Vaults
 44845 | Vaults:1 | Received a gift from Trog
 44864 | Vaults:1 | Noticed Donald
 44879 | Vaults:1 | Killed Donald
 44904 | Vaults:1 | Received a gift from Trog
 46149 | Vaults:2 | Reached XP level 20. HP: 145/151 MP: 20/20
 46436 | Vaults:2 | Received a gift from Trog
 47506 | Vaults:2 | Noticed a lich
 47507 | Vaults:2 | Found a staircase to the Crypt.
 47519 | Vaults:2 | Killed a lich
 47853 | Vaults:3 | Received a gift from Trog
 47879 | Vaults:3 | Cast into level 2 of the Abyss (an ogre mage)
 48014 | Abyss:2  | Gained mutation: Your spells are a little easier to cast, but a little less powerful. [a cacodemon]
 48092 | Abyss:2  | Found a corrupted altar of Lugonu.
 48358 | Vaults:3 | Escaped the Abyss
 49141 | Vaults:3 | Received a gift from Trog
 49360 | Vaults:3 | Reached XP level 21. HP: 159/159 MP: 21/21
 50538 | Vaults:4 | Received a gift from Trog
 50669 | Vaults:4 | Got a crystal great mace {god gift}
 50670 | Vaults:4 | Identified the +8 great mace of the New World {speed, rPois MR+} (Trog gifted it to you on level 4 of the Vaults)
 50812 | Vaults:4 | Gained mutation: You are clumsy. (Dex -2) [a neqoxec]
 51309 | Elf:1    | Entered Level 1 of the Elven Halls
 51435 | Elf:1    | Reached skill level 15 in Dodging
 52036 | Elf:1    | Received a gift from Trog
 52786 | Elf:2    | Found a large runed door.
 52786 | Elf:2    | Found a large runed door.
 52810 | Elf:2    | Found a large runed door.
 52810 | Elf:2    | Found a large runed door.
 53552 | Elf:3    | Entered Level 3 of the Elven Halls
 53557 | Elf:3    | Reached XP level 22. HP: 155/167 MP: 22/22
 54258 | Elf:3    | Received a gift from Trog
 54352 | Elf:3    | Cast into level 2 of the Abyss (a deep elf demonologist)
 54552 | Elf:3    | Escaped the Abyss
 54576 | Elf:3    | HP: 7/168 [deep elf master archer/arrow (23)]
 55150 | Elf:3    | Lost mutation: You are clumsy. (Dex -2) [helix card]
 55322 | Elf:3    | Got a pitted iron amulet
 55543 | Elf:3    | Identified the amulet of Liddoitz {Reflect rElec rN+ MR+ Dex-2 SH+4} (You took it off a deep elf sorcerer on level 3 of the Elven Halls)
 55813 | Elf:3    | Received a gift from Trog
 57396 | Depths:1 | Entered Level 1 of the Depths
 57821 | Depths:1 | Found a gateway to Hell.
 57890 | Depths:1 | Found a one-way gate to the infinite horrors of the Abyss.
 58360 | Depths:1 | Found a one-way gate leading to the halls of Pandemonium.
 58726 | Depths:2 | Reached XP level 23. HP: 176/176 MP: 23/23
 58794 | Depths:2 | Noticed the Enchantress
 59997 | Depths:1 | Killed the Enchantress
 60005 | Depths:1 | Got a faerie dragon armour
 60017 | Depths:1 | Identified the +5 faerie dragon armour {Str+7} (You took it off the Enchantress on level 1 of the Depths)
 60017 | Depths:1 | Upgraded the game from 0.18.1-8-gdd0e5ea to 0.18.1-47-g9310371
 60319 | Depths:2 | Received a gift from Trog
 61795 | Depths:2 | Received a gift from Trog
 62230 | Depths:3 | Noticed ReniFell's ghost (veteran MiBe)
 62322 | Depths:3 | Killed ReniFell's ghost
 62745 | Depths:3 | Noticed a golden dragon
 62757 | Depths:3 | Killed a golden dragon
 63118 | Depths:3 | Reached XP level 24. HP: 175/185 MP: 23/23
 63221 | Depths:3 | Received a gift from Trog
 63260 | Depths:3 | Identified the Grimoire of Blistering Self-Improvement (You found it on level 3 of the Depths)
 63261 | Depths:3 | Was placed under penance by Trog
 63268 | Depths:3 | Learned a level 6 spell: Haste
 64344 | D:3      | Fell from the grace of Trog
 64344 | D:3      | Became a worshipper of Zin the Law-Giver
 64344 | D:3      | Reached * piety under Zin
 64344 | D:3      | Reached ** piety under Zin
 64345 | D:3      | Donated 2049 gold pieces to Zin
 64363 | D:3      | Reached *** piety under Zin
 64522 | D:11     | Reached **** piety under Zin
 64675 | Depths:2 | Reached ***** piety under Zin
 65054 | Depths:4 | Reached skill level 1 in Invocations
 65061 | Depths:4 | Found a gateway to a ziggurat.
 65597 | Depths:4 | Reached skill level 5 in Invocations
 66969 | Depths:4 | Reached skill level 10 in Invocations
 68309 | Depths:3 | Reached XP level 25. HP: 165/190 MP: 32/32
 68493 | Depths:4 | Paralysed by a giant eyeball for 4 turns
 68724 | Depths:4 | Identified the Volume of Attacks
 68912 | Depths:5 | Entered Level 5 of the Depths
 69136 | Depths:5 | Reached ****** piety under Zin
 69618 | Depths:5 | Reached skill level 15 in Invocations
 71012 | Depths:5 | Found a gate to the Realm of Zot.
 71213 | Depths:5 | Found Rath's Antique Armour Emporium.
 71221 | Depths:5 | Bought a pair of glowing boots for 112 gold pieces
 71484 | Depths:5 | Voluntarily entered the Abyss.
 72104 | Abyss:1  | Noticed an ancient lich
 72104 | Depths:5 | Escaped the Abyss
 72858 | Crypt:1  | Entered Level 1 of the Crypt
 73400 | Crypt:1  | Reached XP level 26. HP: 108/198 MP: 36/36
 74185 | Crypt:2  | Reached skill level 1 in Spellcasting
 74185 | Crypt:2  | Reached skill level 1 in Charms
 75236 | Crypt:3  | Entered Level 3 of the Crypt
 75403 | Crypt:3  | Reached skill level 5 in Spellcasting
 75467 | Crypt:3  | Reached skill level 5 in Charms
 75513 | Crypt:3  | Got a sparkling tin ring
 75516 | Crypt:3  | Identified the ring "Tonext" {rC+ rN+ Slay+2} (You took it off a vampire mage on level 3 of the Crypt)
 75623 | Crypt:3  | Paralysed by Trog for 7 turns
 76067 | Crypt:3  | Got a steaming bone ring
 76187 | Crypt:3  | Identified the ring of the Eight Wishes {rF+ rN+ MP-9 SInv} (You took it off a deep elf death mage on level 3 of the Crypt)
 76443 | Crypt:3  | Found a staircase to the Tomb.
 76484 | Crypt:3  | Noticed an ancient lich
 76507 | Crypt:3  | Killed an ancient lich
 76551 | Crypt:3  | Noticed an ancient lich
 76568 | Crypt:3  | Killed an ancient lich
 76741 | Crypt:3  | Paralysed by Trog for 7 turns
 76848 | Crypt:3  | Identified the Tome of Evil (You found it on level 3 of the Crypt)
 76851 | Crypt:3  | Identified the Almanac of Arcane Weapons
 76860 | Crypt:3  | Learned a level 7 spell: Ring of Flames
 76860 | Crypt:3  | Was forgiven by Trog
 76875 | Crypt:3  | Learned a level 6 spell: Freezing Cloud
 76876 | Crypt:3  | Got a transparent brass ring
 76878 | Crypt:3  | Identified the ring of the Queen {rN+ Str+3} (You found it on level 3 of the Crypt)
 76887 | Crypt:3  | Got a fine tin ring
 76889 | Crypt:3  | Identified the ring "Xyuza" {Wiz Int+3} (You found it on level 3 of the Crypt)
 77408 | Vaults:5 | Entered Level 5 of the Vaults
 77704 | Vaults:5 | Noticed an ancient lich
 77734 | Vaults:5 | Killed an ancient lich
 77736 | Vaults:5 | Noticed an ancient lich
 77742 | Vaults:5 | Reached XP level 27. HP: 74/203 MP: 36/36
 77753 | Vaults:4 | Killed an ancient lich
 78100 | Vaults:5 | Reached skill level 10 in Spellcasting
 78100 | Vaults:5 | Reached skill level 10 in Charms
 79866 | Vaults:5 | Found Fageyx's Antique Armour Shoppe.
 79872 | Vaults:5 | Bought a spiked chain mail for 361 gold pieces
 79883 | Vaults:5 | Identified the cursed +1 chain mail of Epnemn {rC+} (You bought it in a shop on level 5 of the Vaults)
 80039 | Vaults:5 | Learned a level 6 spell: Deflect Missiles
 80056 | Vaults:5 | Got a dazzling chain mail
 80067 | Vaults:5 | Identified the +2 chain mail "Ehit" {-Cast MP+9 SInv} (You found it on level 5 of the Vaults)
 80339 | Vaults:5 | Found Xeotzafe's Assorted Antiques.
 80345 | Vaults:5 | Identified Sif Muna's Catalogue of Ghastly Stones
 80348 | Vaults:5 | Bought a scroll of blinking for 300 gold pieces
 80431 | Vaults:5 | Got a bloodstained mace
 80432 | Vaults:5 | Identified the +0 mace of Honour {crush, *Noise rF+ Str+3} (You found it on level 5 of the Vaults)
 80591 | Vaults:5 | Got a silver rune of Zot
 80663 | Vaults:5 | Got an ichor-stained leather armour
 80674 | Vaults:5 | Identified the cursed +1 leather armour of the Stallion {*Corrode rElec rPois rN++ MP+9} (You found it on level 5 of the Vaults)
 80975 | Depths:1 | Voluntarily entered the Abyss.
 80975 | Abyss:1  | Found a corrupted altar of Lugonu.
 81066 | Abyss:1  | Found a bloodstained altar of Trog.
 81604 | Abyss:2  | Found a corrupted altar of Lugonu.
 81905 | Abyss:2  | Hired Oroefo the naga for 159 gold.
 82097 | Abyss:2  | Your ally Oroefo died
 82606 | Abyss:4  | Found a corrupted altar of Lugonu.
 82924 | Abyss:4  | Paralysed by accursed screaming for 1 turns
 82932 | Abyss:4  | Paralysed by accursed screaming for 1 turns
 82933 | Depths:1 | Escaped the Abyss
 83696 | Zot:1    | Entered Level 1 of the Realm of Zot
 86426 | Zot:2    | Reached skill level 15 in Spellcasting
 87630 | Zot:3    | Noticed an orb of fire
 87662 | Zot:3    | Killed an orb of fire
 89623 | Zot:4    | Reached skill level 1 in Evocations
 90092 | Zot:4    | Reached skill level 5 in Evocations
 91172 | Zot:4    | Noticed an orb of fire
 91198 | Zot:4    | Killed an orb of fire
 91210 | Zot:4    | Reached skill level 10 in Evocations
 92433 | Zot:5    | Entered Level 5 of the Realm of Zot
 94102 | Slime:1  | Entered Level 1 of the Pits of Slime
 95566 | Slime:6  | Entered Level 6 of the Pits of Slime
 96204 | Slime:6  | Noticed the Royal Jelly
 96606 | Slime:6  | Reached skill level 15 in Evocations
 97098 | Slime:6  | Found a viscous altar of Jiyva.
 97408 | Slime:6  | Killed the Royal Jelly
 98002 | Slime:6  | Got a slimy rune of Zot
 98033 | Slime:6  | Identified the Incunabulum of Malediction and the Glacier
 98062 | Slime:6  | Got a warped robe
 98063 | Slime:6  | Identified the +1 robe of Page {rC+} (You found it on level 6 of the Pits of Slime)
 98557 | Lair:1   | Learned a level 2 spell: Blink
 98795 | Depths:1 | Voluntarily entered the Abyss.
 99291 | Depths:1 | Escaped the Abyss
 99810 | Depths:1 | Voluntarily entered the Abyss.
 99896 | Abyss:1  | Found a bloodstained altar of Trog.
100035 | Abyss:1  | Found a shattered altar of Ashenzari.
101003 | Abyss:3  | Found a corrupted altar of Lugonu.
101072 | Abyss:4  | Got a pitted flail
101073 | Abyss:4  | Identified the +8 flail "Murmur" {freeze, Dex+4} (You found it on level 4 of the Abyss)
101308 | Abyss:4  | Paralysed by accursed screaming for 1 turns
101770 | Abyss:4  | Paralysed by accursed screaming for 1 turns
101781 | Abyss:4  | Paralysed by accursed screaming for 1 turns
101812 | Abyss:4  | Paralysed by accursed screaming for 2 turns
102047 | Abyss:4  | Noticed an ancient lich
102059 | Abyss:4  | Killed an ancient lich
102120 | Abyss:4  | Gained mutation: Your magical capacity is low (-10% MP). [mutagenic glow]
102586 | Abyss:4  | Paralysed by accursed screaming for 1 turns
102629 | Abyss:4  | Found a corrupted altar of Lugonu.
102944 | Abyss:4  | Found a corrupted altar of Lugonu.
103090 | Abyss:4  | Found a shadowy altar of Dithmenos.
103367 | Abyss:4  | Found a basalt altar of Yredelemnul.
103502 | Abyss:4  | Got an abyssal rune of Zot
103738 | Depths:1 | Escaped the Abyss
104233 | Pan      | Entered Pandemonium
104271 | Pan      | Noticed Mennas
104299 | Pan      | Killed Mennas
104300 | Pan      | Found an exit through the horrors of the Abyss.
104384 | Pan      | Noticed Jamay the pandemonium lord
104414 | Pan      | Killed Jamay the pandemonium lord
105905 | Pan      | Noticed Xyosch the pandemonium lord
105927 | Pan      | Killed Xyosch the pandemonium lord
106287 | Pan      | Found an exit through the horrors of the Abyss.
106724 | Pan      | Learned a level 5 spell: Aura of Abjuration
107178 | Pan      | Found an exit through the horrors of the Abyss.
107322 | Pan      | Noticed Nuyfef the pandemonium lord
107338 | Pan      | Killed Nuyfef the pandemonium lord
107906 | Pan      | Found an exit through the horrors of the Abyss.
108409 | Pan      | Noticed Syezexkao the pandemonium lord
108426 | Pan      | Killed Syezexkao the pandemonium lord
109307 | Pan      | Got a demonic rune of Zot
109331 | Pan      | Noticed Ylirgh the pandemonium lord
109353 | Pan      | Killed Ylirgh the pandemonium lord
109838 | Pan      | Found an exit through the horrors of the Abyss.
110615 | Pan      | Noticed Giumat the pandemonium lord
110617 | Pan      | Found an exit through the horrors of the Abyss.
111116 | Pan      | Noticed Nuzy the pandemonium lord
111135 | Pan      | Killed Nuzy the pandemonium lord
111332 | Pan      | Found an exit through the horrors of the Abyss.
111472 | Pan      | Found an exit through the horrors of the Abyss.
111579 | Pan      | Noticed Yppyar the pandemonium lord
111775 | Pan      | Found an exit through the horrors of the Abyss.
111968 | Pan      | Found an exit through the horrors of the Abyss.
112324 | Pan      | Noticed Koep the pandemonium lord
112355 | Pan      | Killed Koep the pandemonium lord
112828 | Pan      | Learned a level 6 spell: Shadow Creatures
113247 | Pan      | Found an exit through the horrors of the Abyss.
113371 | Pan      | Found an exit through the horrors of the Abyss.
113660 | Pan      | Found an exit through the horrors of the Abyss.
113879 | Pan      | Found an exit through the horrors of the Abyss.
113911 | Pan      | Got an ancient plate armour
113912 | Pan      | Identified the cursed +0 plate armour of Koestew {Int+2} (You found it in Pandemonium)
114026 | Pan      | Noticed Ynozy the pandemonium lord
114048 | Pan      | Killed Ynozy the pandemonium lord
114102 | Pan      | Entered the realm of Cerebov.
114690 | Pan      | Found an exit through the horrors of the Abyss.
114965 | Pan      | Got a scorched amber ring
114966 | Pan      | Identified the ring "Furo" {Wiz rElec Str+6 Slay-5} (You found it in Pandemonium)
114970 | Pan      | Got an ichor-stained whip
114971 | Pan      | Identified the +4 whip of Outrage {freeze, +Fly rElec MR+ Stlth+} (You found it in Pandemonium)
115081 | Pan      | Noticed Cerebov
115455 | Pan      | Got a flickering granite ring
115456 | Pan      | Identified the ring "Ciniy" {Ice Str+4} (You found it in Pandemonium)
115461 | Pan      | Got a translucent silver ring
115462 | Pan      | Identified the ring of the Saviour {rC+ Str+2 Dex+4} (You found it in Pandemonium)
116243 | Pan      | Killed Cerebov
116458 | Pan      | Got a fiery rune of Zot
116642 | Pan      | Entered the realm of Gloorx Vloq.
117766 | Pan      | Noticed Gloorx Vloq
117790 | Pan      | Killed Gloorx Vloq
117799 | Pan      | Got a dark rune of Zot
118051 | Pan      | Found an exit through the horrors of the Abyss.
118160 | Pan      | Entered the realm of Mnoleg.
118169 | Pan      | Paralysed by a giant eyeball for 3 turns
118328 | Pan      | Noticed Mnoleg
118333 | Pan      | Paralysed by a giant eyeball for 3 turns
118357 | Pan      | Killed Mnoleg
118818 | Pan      | Found an exit through the horrors of the Abyss.
119061 | Pan      | Got a glowing rune of Zot
119347 | Depths:1 | Escaped Pandemonium
119843 | Pan      | Entered Pandemonium
120118 | Pan      | Found an exit through the horrors of the Abyss.
120158 | Pan      | Noticed Ylaath the pandemonium lord
120173 | Pan      | Killed Ylaath the pandemonium lord
120264 | Pan      | Reached skill level 27 in Maces & Flails
120981 | Pan      | Noticed Booneq the pandemonium lord
121008 | Pan      | Killed Booneq the pandemonium lord
121183 | Pan      | Entered the realm of Lom Lobon.
121183 | Pan      | Noticed Lom Lobon
121224 | Pan      | Got a magical rune of Zot
121284 | Pan      | Killed Lom Lobon
121799 | Pan      | Got a dazzling long sword {flame}
121800 | Pan      | Identified the +8 long sword of the Pillar {flame, Fragile +Blink Int+4 Dex+4} (You took it off a draconian annihilator in Pandemonium)
121823 | Pan      | Found an exit through the horrors of the Abyss.
122599 | Pan      | Noticed Gozatu the pandemonium lord
122716 | Pan      | Killed Gozatu the pandemonium lord
122943 | Pan      | Found an exit through the horrors of the Abyss.
123273 | Pan      | Took an exit into the Abyss.
123273 | Abyss:1  | Escaped into the Abyss
123282 | Depths:1 | Escaped the Abyss
123743 | Hell     | Entered the Vestibule of Hell
123743 | Hell     | Noticed Geryon
123769 | Hell     | Killed Geryon
123777 | Hell     | Noticed Murray
123803 | Hell     | Killed Murray
124060 | Hell     | Found a gateway to the Iron City of Dis.
124089 | Hell     | Reached skill level 5 in Summonings
124217 | Hell     | Found a gateway to the decaying netherworld of Tartarus.
124541 | Hell     | Found a gateway to the freezing wastes of Cocytus.
124599 | Hell     | Found a gateway to the ashen valley of Gehenna.
124634 | Tar:1    | Entered Level 1 of Tartarus
125278 | Tar:3    | Reached skill level 10 in Summonings
126167 | Tar:7    | Entered Level 7 of Tartarus
126306 | Tar:7    | Paralysed by the power of Zot for 2 turns
126408 | Tar:7    | Noticed the Serpent of Hell
126428 | Tar:7    | Killed the Serpent of Hell
126589 | Tar:7    | Noticed Ereshkigal
126946 | Tar:7    | Killed Ereshkigal
126998 | Tar:7    | Got a bone rune of Zot
127533 | Tar:7    | Identified the Collected Works on Bewitchment
127536 | Tar:7    | Got a faintly glowing hand axe
127537 | Tar:7    | Identified the +3 hand axe of Buvamp {freeze, +Rage rElec rPois MR+} (You found it on level 7 of Tartarus)
127629 | Tar:7    | Identified the Tome of Assistive Ignition
127632 | Tar:7    | Got a fine robe
127633 | Tar:7    | Identified the +1 robe of Forking Paths {+Blink} (You found it on level 7 of Tartarus)
127637 | Tar:7    | Got a transparent bronze ring
127638 | Tar:7    | Identified the ring "Koguapto" {*Drain rF++ MR+ Int+6} (You found it on level 7 of Tartarus)
127823 | Tar:7    | Identified the Tome of Ashen Toxins (You found it on level 7 of Tartarus)
127981 | Tar:7    | Identified the Almanac of the Gnat (You found it on level 7 of Tartarus)
128438 | Coc:1    | Entered Level 1 of Cocytus
128922 | Coc:4    | Reached skill level 27 in Invocations
129479 | Coc:7    | Entered Level 7 of Cocytus
130343 | Coc:7    | Got a jasper-encrusted plate armour
130344 | Coc:7    | Identified the +9 plate armour of Complete Protection {Int+3} (You found it on level 7 of Cocytus)
130364 | Coc:7    | Learned a level 2 spell: Shroud of Golubria
130831 | Coc:7    | Reached skill level 27 in Evocations
131211 | Coc:7    | Reached skill level 5 in Translocations
131774 | Coc:7    | Noticed Antaeus
132087 | Coc:7    | Reached skill level 10 in Translocations
132143 | Coc:7    | Killed Antaeus
132207 | Coc:7    | Got an icy rune of Zot
132225 | Coc:7    | Got a twisted falchion
132226 | Coc:7    | Identified the +9 falchion "Qumud" {flame, +Rage rF+ Dex-3 Stlth+} (You found it on level 7 of Cocytus)
132278 | Coc:7    | Identified the Grimoire of Destructive Curses
132676 | Dis:1    | Entered Level 1 of the Iron City of Dis
133068 | Dis:5    | Found a huge runed gate.
133080 | Dis:5    | Found a huge runed gate.
133081 | Dis:5    | Found a huge runed gate.
133082 | Dis:5    | Found a huge runed gate.
133083 | Dis:5    | Found a huge runed gate.
133083 | Dis:5    | Found a huge runed gate.
133084 | Dis:5    | Found a huge runed gate.
133084 | Dis:5    | Found a huge runed gate.
133084 | Dis:5    | Found a huge runed gate.
133086 | Dis:5    | Found a huge runed gate.
133086 | Dis:5    | Found a huge runed gate.
133087 | Dis:5    | Found a huge runed gate.
133549 | Dis:6    | Lost mutation: You are partially covered in rugged brown scales (AC +1, +3% HP). [the power of Zot]
133600 | Dis:6    | Cast into level 5 of the Abyss (the power of Zot)
133600 | Abyss:5  | Entered Level 5 of the Abyss
133783 | Dis:6    | Escaped the Abyss
133790 | Dis:7    | Entered Level 7 of the Iron City of Dis
134219 | Dis:7    | Reached skill level 27 in Fighting
135070 | Dis:7    | Got a twisted glaive
135071 | Dis:7    | Identified the +6 glaive of the Jester {venom, rC+ Str+3 Int+4 Stlth-} (You found it on level 7 of the Iron City of Dis)
136039 | Dis:7    | HP: 10/218 [Hell Sentinel/iron shot (39)]
136803 | Dis:7    | Noticed Dispater
136826 | Dis:7    | Killed Dispater
136830 | Dis:7    | Got an iron rune of Zot
137024 | Geh:1    | Entered Level 1 of Gehenna
137681 | Geh:7    | Entered Level 7 of Gehenna
138156 | Geh:7    | Got a fine silver amulet
138158 | Geh:7    | Identified the amulet of Hyaqegypt {Inacc rC++ Int+2 Dex-4} (You found it on level 7 of Gehenna)
138162 | Geh:7    | Got a warped marble ring
138163 | Geh:7    | Identified the ring "Kooddau" {+Fly rF- Str+4 Int+6} (You found it on level 7 of Gehenna)
138272 | Geh:7    | Noticed Asmodeus
138298 | Geh:7    | Killed Asmodeus
138601 | Geh:7    | Got an obsidian rune of Zot
138608 | Geh:7    | Got an iridescent longbow
138609 | Geh:7    | Identified the +4 longbow "Teosy" {velocity, rC+ rN+} (You found it on level 7 of Gehenna)
138620 | Geh:7    | Got a glittering lead ring
138622 | Geh:7    | Identified the ring "Huczeyme" {MR+ AC+3 Slay-5 Stlth+} (You found it on level 7 of Gehenna)
138628 | Geh:7    | Got a crude battleaxe
138629 | Geh:7    | Identified the cursed +1 battleaxe "Moudwuh" {flame, Dex+3 Stlth+} (You found it on level 7 of Gehenna)
138643 | Geh:7    | Got a shimmering flail
138644 | Geh:7    | Identified the +4 flail of Xehymu {venom, *Rage +Rage rPois rC+} (You found it on level 7 of Gehenna)
139133 | D:6      | Fell from the grace of Zin
139133 | D:6      | Became a worshipper of the Shining One
139133 | D:6      | Reached * piety under the Shining One
139133 | D:6      | Reached ** piety under the Shining One
139133 | D:6      | Reached *** piety under the Shining One
139133 | D:6      | Reached **** piety under the Shining One
139443 | Crypt:3  | Noticed an ancient lich
139443 | Crypt:3  | Gained mutation: You have hoof-like feet. [potion of beneficial mutation]
139451 | Crypt:3  | Killed an ancient lich
139615 | Tomb:1   | Entered Level 1 of the Tomb of the Ancients
139819 | Tomb:1   | Noticed Boris
139830 | Tomb:1   | Killed Boris
139885 | Tomb:1   | Reached ***** piety under the Shining One
139946 | Tomb:1   | Noticed a greater mummy
139965 | Tomb:1   | Killed a greater mummy
140246 | Tomb:1   | Noticed a greater mummy
140261 | Tomb:1   | Killed a greater mummy
140265 | Tomb:1   | Noticed an ancient lich
140266 | Tomb:1   | Reached ****** piety under the Shining One
140291 | Tomb:1   | Killed an ancient lich
140339 | Tomb:1   | Got a colourful robe
140350 | Tomb:1   | Identified the cursed +0 robe of Free Expression {rF+ MR+} (You took it off a mummy priest on level 1 of the Tomb of the Ancients)
140504 | Tomb:2   | Noticed a greater mummy
140504 | Tomb:2   | Noticed a greater mummy
140505 | Tomb:2   | Noticed a greater mummy
140520 | Tomb:2   | Noticed a greater mummy
140535 | Tomb:2   | Killed a greater mummy
140541 | Tomb:2   | Killed a greater mummy
140546 | Tomb:2   | Killed a greater mummy
140554 | Tomb:2   | Killed a greater mummy
140746 | Tomb:1   | Noticed a greater mummy
140747 | Tomb:1   | Noticed a greater mummy
140753 | Tomb:1   | Noticed a greater mummy
140757 | Tomb:1   | Killed a greater mummy
140767 | Tomb:1   | Killed a greater mummy
140780 | Tomb:1   | Killed a greater mummy
140884 | Tomb:1   | Noticed a greater mummy
140896 | Tomb:1   | Killed a greater mummy
140960 | Tomb:1   | Noticed a greater mummy
140977 | Tomb:1   | Killed a greater mummy
140988 | Tomb:1   | Noticed a greater mummy
140989 | Tomb:1   | Noticed a greater mummy
141001 | Tomb:1   | Killed a greater mummy
141011 | Tomb:1   | Killed a greater mummy
141019 | Tomb:1   | Noticed a greater mummy
141031 | Tomb:1   | Killed a greater mummy
141051 | Tomb:1   | Noticed a greater mummy
141061 | Tomb:1   | Killed a greater mummy
141088 | Tomb:1   | Noticed a greater mummy
141101 | Tomb:1   | Killed a greater mummy
141103 | Tomb:1   | Noticed a greater mummy
141116 | Tomb:1   | Killed a greater mummy
141123 | Tomb:1   | Noticed a greater mummy
141128 | Tomb:1   | Noticed a greater mummy
141129 | Tomb:1   | Noticed a greater mummy
141142 | Tomb:1   | Killed a greater mummy
141152 | Tomb:1   | Killed a greater mummy
141163 | Tomb:1   | Killed a greater mummy
141229 | Tomb:1   | Noticed a greater mummy
141241 | Tomb:1   | Killed a greater mummy
141444 | Tomb:3   | Entered Level 3 of the Tomb of the Ancients
141521 | Tomb:3   | Noticed a greater mummy
141544 | Tomb:3   | Noticed an ancient lich
141545 | Tomb:3   | Killed a greater mummy
141546 | Tomb:3   | Noticed a greater mummy
141547 | Tomb:3   | Noticed a greater mummy
141564 | Tomb:3   | Killed an ancient lich
141569 | Tomb:3   | Reached skill level 15 in Summonings
141572 | Tomb:3   | Killed a greater mummy
141575 | Tomb:3   | Noticed a greater mummy
141577 | Tomb:3   | Killed a greater mummy
141609 | Tomb:3   | Killed a greater mummy
141857 | Tomb:3   | Noticed an ancient lich
141865 | Tomb:3   | Killed an ancient lich
141969 | Tomb:3   | Got a brightly glowing cloak
141980 | Tomb:3   | Identified the cursed +0 cloak of the Gusle {rF++ Str+2} (You found it on level 3 of the Tomb of the Ancients)
142086 | Tomb:3   | Noticed an ancient lich
142100 | Tomb:3   | Killed an ancient lich
142115 | Tomb:3   | Noticed an ancient lich
142127 | Tomb:3   | Killed an ancient lich
142177 | Tomb:3   | Got a golden rune of Zot
142187 | Tomb:3   | Noticed a greater mummy
142196 | Tomb:3   | Killed a greater mummy
142214 | Tomb:3   | Learned a level 8 spell: Controlled Blink
142246 | Tomb:3   | Noticed a greater mummy
142257 | Tomb:3   | Killed a greater mummy
142443 | Tomb:3   | Identified Emozacw's Incunabulum of Transmigration and Stones
142446 | Tomb:3   | Identified the Papyrus of Confrontation
142457 | Tomb:3   | Identified the Grimoire of the Destructive Glacier
142495 | Tomb:3   | Got a sparkling turquoise ring
142496 | Tomb:3   | Identified the cursed ring "Niexyqa" {EV-3 Str+2} (You found it on level 3 of the Tomb of the Ancients)
142502 | Tomb:3   | Got a pitted jade ring
142503 | Tomb:3   | Identified the ring "Beomi" {rCorr rPois rN++} (You found it on level 3 of the Tomb of the Ancients)
142512 | Tomb:3   | Got a crude fire dragon armour
142523 | Tomb:3   | Identified the +5 fire dragon armour "Caer" {+Fly rF++ rC- MR- Dex+5} (You found it on level 3 of the Tomb of the Ancients)
143387 | D:3      | Fell from the grace of the Shining One
143387 | D:3      | Became a worshipper of Zin the Law-Giver
143388 | D:3      | Donated 5775 gold pieces to Zin
144037 | Zot:5    | Noticed an ancient lich
144038 | Zot:5    | Noticed an orb of fire
144040 | Zot:5    | Noticed an orb of fire
144061 | Zot:5    | Killed an orb of fire
144073 | Zot:5    | Killed an ancient lich
144078 | Zot:5    | Killed an orb of fire
144468 | Zot:5    | Noticed an ancient lich
144634 | Zot:5    | Noticed an orb of fire
144655 | Zot:5    | Killed an orb of fire
144750 | Zot:5    | Reached skill level 15 in Translocations
144758 | Zot:5    | Noticed an orb of fire
144776 | Zot:5    | Killed an orb of fire
145147 | Zot:5    | Got the Orb of Zot
145182 | Zot:5    | Noticed an ancient lich
145194 | Zot:5    | Killed an ancient lich
145609 | D:13     | Noticed Iwaah the pandemonium lord
145624 | D:13     | Killed Iwaah the pandemonium lord
145860 | D:4      | Noticed a seraph
146193 | D:3      | Noticed Ledgh the pandemonium lord
146210 | D:3      | Killed Ledgh the pandemonium lord
146605 | D:3      | Noticed Jiraol Rimno the pandemonium lord
146616 | D:3      | Killed Jiraol Rimno the pandemonium lord
146619 | D:3      | Noticed an ancient lich
146627 | D:3      | Noticed a seraph
146634 | D:3      | Killed an ancient lich
146650 | D:3      | Killed a seraph
146683 | D:3      | Noticed Adiukk the pandemonium lord
146700 | D:3      | Killed Adiukk the pandemonium lord
146806 | D:$      | Escaped with the Orb!

Skill      XL: |  1  2  3  4  5  6  7  8  9 10 11 12 13 14 15 16 17 18 19 20 21 22 23 24 25 26 27 |
---------------+----------------------------------------------------------------------------------+-----
Stealth        | 1 2 3 5 6 8 9 |  9.1
Armour         | 3 4 5 6 7 8 9 11 12 13 14 15 16 17 18 19 20 24 | 24.8
Dodging        | 2 3 4 5 6 7 8 9 10 11 12 13 14 15 18 | 18.9
Fighting       | 4 5 6 7 8 10 11 12 13 14 15 16 17 18 19 20 27 | 27.0
Maces & Flails | 4 5 6 7 9 10 11 12 13 14 15 16 17 18 19 21 27 | 27.0
Shields        | 1 5 7 9 11 12 13 | 13.3
Invocations    | 12 18 27 | 27.0
Spellcasting   | 9 15 | 15.8
Charms         | 9 14 | 14.9
Evocations     | 27 | 27.0
Summonings     | 16 | 16.6
Translocations | 18 | 18.5

Action                   |  1- 3 |  4- 6 |  7- 9 | 10-12 | 13-15 | 16-18 | 19-21 | 22-24 | 25-27 || total
-------------------------+-------+-------+-------+-------+-------+-------+-------+-------+-------++-------
Melee: Mace              |   115 |   268 |   612 |   379 |       |       |       |       |       ||  1374
       Great mace        |       |       |       |   228 |  1456 |       |       |       | 12890 || 14574
       Flail             |       |       |       |   788 |   148 |  2124 |  2325 |  2694 |  3013 || 11092
 Cast: Haste             |       |       |       |       |       |       |       |       |   156 ||   156
       Aura of Abjuratio |       |       |       |       |       |       |       |       |    21 ||    21
       Blink             |       |       |       |       |       |       |       |       |     5 ||     5
       Shroud of Golubri |       |       |       |       |       |       |       |       |     1 ||     1
Invok: Berserk           |       |     4 |    16 |    25 |    23 |    12 |     8 |     4 |       ||    92
       Trog's Hand       |       |       |     4 |     3 |     6 |     2 |    12 |     6 |       ||    33
       Burn Spellbooks   |       |       |       |       |     2 |       |     2 |     3 |       ||     7
       Brothers in Arms  |       |       |       |       |     1 |       |     9 |     9 |       ||    19
       Recite            |       |       |       |       |       |       |       |     2 |   237 ||   239
       Donate Gold       |       |       |       |       |       |       |       |     1 |     2 ||     3
       Cleansing Flame   |       |       |       |       |       |       |       |       |     9 ||     9
       Vitalisation      |       |       |       |       |       |       |       |       |     8 ||     8
       Sanctuary         |       |       |       |       |       |       |       |       |     3 ||     3
       Imprison          |       |       |       |       |       |       |       |       |     1 ||     1
 Abil: Fly               |       |       |       |       |     1 |     2 |       |     2 |     3 ||     8
       Stop Flying       |       |       |       |       |       |       |       |     2 |     2 ||     4
Evoke: Wand              |       |       |     2 |       |     4 |    10 |     3 |     5 |    41 ||    65
       Deck              |       |       |       |       |     1 |       |       |     1 |     1 ||     3
       Fan of gales      |       |       |       |       |       |       |       |     1 |     6 ||     7
       Disc of storms    |       |       |       |       |       |       |       |       |    31 ||    31
       Stone of tremors  |       |       |       |       |       |       |       |       |     4 ||     4
       Figurine of a zig |       |       |       |       |       |       |       |       |     1 ||     1
  Use: Scroll            |       |     8 |     7 |    16 |    17 |    17 |     7 |    20 |   108 ||   200
       Potion            |       |     1 |       |     5 |     8 |     3 |       |    14 |    67 ||    98
 Stab: Sleeping          |       |       |     1 |     4 |       |     8 |     3 |     6 |    34 ||    56
       Invisible         |       |       |       |     1 |       |     5 |       |       |    14 ||    20
       Confused          |       |       |       |       |     1 |     3 |       |       |   112 ||   116
       Distracted        |       |       |       |       |     1 |       |       |     3 |    59 ||    63
       Held in net/web   |       |       |       |       |       |       |     1 |       |       ||     1
       Paralysed         |       |       |       |       |       |       |       |       |    22 ||    22
  Eat: Chunk             |       |    13 |    24 |    51 |    69 |    31 |    24 |    22 |    19 ||   253
       Beef jerky        |       |     1 |     2 |     3 |     1 |     6 |     2 |     1 |    13 ||    29
       Meat ration       |       |       |     1 |       |       |     1 |     3 |     6 |    35 ||    46
       Royal jelly       |       |       |       |     2 |       |       |       |       |     6 ||     8
       Pizza             |       |       |       |       |     5 |     1 |     1 |       |    10 ||    17
       Bread ration      |       |       |       |       |       |     2 |     1 |     1 |    27 ||    31
       Fruit             |       |       |       |       |       |       |     3 |     1 |    11 ||    15
Armor: Animal skin       |    21 |       |       |       |       |       |       |       |       ||    21
       Scale mail        |    61 |   158 |   366 |   547 |    15 |       |       |   894 |  6613 ||  8654
       Plate armour      |       |       |       |   439 |  1319 |       |       |       |       ||  1758
       Chain mail        |       |       |       |       |   129 |  1120 |  1379 |   206 |       ||  2834
       Skin              |       |       |       |       |       |       |       |       |   219 ||   219
Dodge: Dodged            |    82 |   142 |   447 |   922 |  1444 |   980 |  1006 |  1028 |  7753 || 13804
Block: Buckler           |       |       |       |       |    29 |   312 |       |       |       ||   341
       Large shield      |       |       |       |       |       |   930 |  2396 |  2781 |  3490 ||  9597
       Reflection        |       |       |       |       |       |       |       |    58 |   112 ||   170
       Other             |       |       |       |       |       |       |       |       |   296 ||   296
